 Dungeon Crawl Stone Soup version 0.30.0-5-g1a98f26d00 (webtiles) character file.

Game seed: 4793127776263727981

508 jasper the Chopper (level 6, -2/47 HPs)
             Began as a Demonspawn Cinder Acolyte on May 11, 2023.
             Was an Elder of Ignis.
             Slain by Ijyb
             ... wielding a +1 dagger of venom
              (4 damage)
             ... on level 4 of the Dungeon.
             The game lasted 00:04:43 (3358 turns).

jasper the Chopper (Demonspawn Cinder Acolyte)      Turns: 3358, Time: 00:04:43

Health: -2/47      AC: 19    Str: 16    XL:     6   Next: 98%
Magic:  7/7        EV:  4    Int: 15    God:    Ignis [****..]
Gold:   144        SH:  0    Dex:  9    Spells: 5/7 levels left

rFire   + . .        a - -1 hand axe (flame)
rCold   . . .        (no shield)
rNeg    . . .        j - +0 chain mail
rPois   +            r - +2 hat of the Northern Lights {rPois}
rElec   .            g - +0 cloak
rCorr   .            p - +0 pair of gloves
SInv    .            (no boots)
Will    .....        (no amulet) Stlth
                     (no ring)
HPRegen 0.27/turn    (no ring)
MPRegen 0.20/turn

%: no passive effects
@: lethally poisoned (-2 -> -11), grasped by roots, fiery-armoured, constricted
A: demonic guardian 1, magic regeneration, weakness stinger 2
a: Renounce Religion, Fiery Armour, Foxfire Swarm, Rising Flame


You were on level 4 of the Dungeon.
You worshipped Ignis.
Ignis was greatly pleased with you.
You visited 1 branch of the dungeon, and saw 4 of its levels.

You collected 144 gold pieces.

Inventory:

Hand Weapons
 a - a -1 hand axe of flaming (weapon)
Missiles
 e - 7 stones (quivered)
 m - a boomerang
 o - 3 poisoned darts
Armour
 b - a +0 robe
 g - a +0 cloak (worn)
 i - a +0 leather armour
 j - a +0 chain mail (worn)
 k - a +0 scale mail
 n - a +0 helmet
 p - a +0 pair of gloves (worn)
 r - the +2 hat of the Northern Lights (worn) {rPois}
   (You acquired it on level 3 of the Dungeon)

   rPois:     It protects you from poison.
 s - a +0 plate armour
Jewellery
 u - a ring of poison resistance
Wands
 l - a wand of quicksilver (13)
Scrolls
 d - a scroll of teleportation
 h - a scroll of immolation
 v - a scroll of amnesia
Potions
 c - 4 potions of brilliance
 f - a potion of mutation
 q - a potion of haste


   Skills:
 - Level 3.0 Fighting
 + Level 7.3 Axes
 - Level 1.0 Spellcasting
 - Level 2.6 Fire Magic


You had 5 spell levels left.
You knew the following spells:

 Your Spells              Type           Power      Damage    Failure   Level
a - Scorch                Fire           16%        2d6       87%         2

Your spell library contained the following spells:

 Spells                   Type           Power      Damage    Failure   Level


Dungeon Overview and Level Annotations

Branches:
Dungeon (4/15)             Temple (0/1) D:4

Altars:
Fedhas

Annotations:
D:3 2 transporters, docduck's ghost, weakling HuFi
D:4 Duvessa; Ijyb


Innate Abilities, Weirdness & Mutations

A weak demonic guardian rushes to your aid.
You regenerate magic rapidly.
You have a tail ending in a sharp stinger.


Message History

You take 3 damage, and have 40/47 hp.
You miss Ijyb. You hit the jelly. You burn the jelly.
Your hands burn!
The jelly hits you.
You are splashed with acid!
The jelly is burned by your cloak of flames.
The jelly is severely wounded.
Ijyb hits you but does no damage.
You are poisoned.
Ijyb is burned by your cloak of flames.
Ijyb is lightly wounded.
The grasping roots constrict you.
You hear a shout!
You take 14 damage, and have 26/47 hp.
MASSIVE DAMAGE!!
You barely miss Ijyb.
Ijyb is lightly wounded.
You barely miss the jelly.
You feel sick. The jelly hits you.
You are splashed with acid!
* * * LOW HITPOINT WARNING * * *
The jelly is burned by your cloak of flames.
You kill the jelly!
Ijyb hits you with a +1 dagger of venom.
* * * LOW HITPOINT WARNING * * *
You are lethally poisoned!
Ijyb is burned by your cloak of flames.
Ijyb is lightly wounded.
The grasping roots constrict you.
* * * LOW HITPOINT WARNING * * *
A demonic guardian appears!
You hear a shout!
You take 18 damage, and have 8/47 hp.
MASSIVE DAMAGE!!
You closely miss Ijyb.
Ijyb is lightly wounded.
* * * LOW HITPOINT WARNING * * *
You feel very sick. Ijyb barely misses you. The grasping roots constrict you.
You take 3 damage, and have 5/47 hp.
It was a potion of cancellation.
You feel magically purged.
* * * LOW HITPOINT WARNING * * *
You feel very sick.
Ijyb hits you with a +1 dagger of venom.
You die...

.......................<.#
#####.####################
#.# #.# #.################
#................#
#.#..#..#..#..#..#
#................#
##..........@g..>#
#...........5...#
#)..#..#..#..#..#
#...............#
############### #


You could see Ijyb (ally target) and a friendly iron imp (summoned).

Vanquished Creatures
  Sigmund (D:4)
  A phantom (D:4)
  Dowan (D:4)
  A jelly (D:4)
  Natasha (thrice) (D:3)
  5 adders
  3 dart slugs
  An orc (D:2)
  7 bats
  6 endoplasms
  2 giant cockroaches (D:2)
  6 hobgoblins
  5 kobolds
  3 quokkas
  5 ball pythons
  4 frilled lizards
  9 goblins
  7 rats
70 creatures vanquished.

Vanquished Creatures (collateral kills)
  A goblin (D:1)
  A quokka (D:1)
2 creatures vanquished.

Vanquished Creatures (others)
  2 draconians (D:1)
  An octopode (D:1)
  An elf (D:1)
  4 spriggans (D:1)
  2 nagas (D:1)
  2 demigods (D:1)
  A mummy (D:1)
  A gnoll (D:1)
  A kobold (D:1)
  4 tentacles (D:1)
19 creatures vanquished.

Grand Total: 91 creatures vanquished

Notes
Turn   | Place    | Note
-------+----------+-------------------------------------------
     0 | D:1      | jasper the Demonspawn Cinder Acolyte began the quest for
                  | the Orb.
     0 | D:1      | Reached XP level 1. HP: 18/18 MP: 2/2
     2 | D:1      | Noticed a naga
     2 | D:1      | Noticed a spriggan
     2 | D:1      | Noticed an elf
     2 | D:1      | Noticed a draconian
     2 | D:1      | Noticed a spriggan
     2 | D:1      | Noticed a naga
     2 | D:1      | Noticed a kraken
     2 | D:1      | Noticed a spriggan
     2 | D:1      | Noticed a demigod
     2 | D:1      | Noticed a draconian
     2 | D:1      | Noticed an octopode
     2 | D:1      | Noticed a demigod
     2 | D:1      | Noticed a spriggan
     4 | D:1      | Killed a naga
     8 | D:1      | Killed an octopode
    10 | D:1      | Killed a draconian
    11 | D:1      | Killed a spriggan
    11 | D:1      | Killed a spriggan
    13 | D:1      | Killed a demigod
    13 | D:1      | Killed a draconian
    15 | D:1      | Killed a spriggan
    15 | D:1      | Killed an elf
    16 | D:1      | Killed a naga
    17 | D:1      | Killed a spriggan
    18 | D:1      | Killed a demigod
   133 | D:1      | Reached skill level 3 in Axes
   217 | D:1      | Gained mutation: A weak demonic guardian rushes to your
                  | aid. [demonic ancestry]
   217 | D:1      | Reached XP level 2. HP: 17/24 MP: 3/3
   220 | D:1      | Learned a level 2 spell: Scorch
  1227 | D:1      | Gained mutation: You have a small tail. [demonic ancestry]
  1227 | D:1      | Reached XP level 3. HP: 24/29 MP: 1/4
  1533 | D:2      | Reached skill level 4 in Axes
  1885 | D:2      | Gained mutation: You regenerate magic rapidly. [demonic
                  | ancestry]
  1885 | D:2      | Reached XP level 4. HP: 32/35 MP: 5/5
  2083 | D:3      | Found a transporter.
  2154 | D:3      | Noticed docduck's ghost (weakling HuFi)
  2333 | D:3      | Found a transporter.
  2457 | D:3      | Identified the +1 robe of Yhu Qiph {rF+ Stlth+}
  2459 | D:3      | Noticed Natasha
  2468 | D:3      | Killed Natasha
  2469 | D:3      | Reached skill level 5 in Axes
  2823 | D:3      | Reached XP level 5. HP: 38/41 MP: 6/6
  2825 | D:3      | Identified a scroll of acquirement
  2825 | D:3      | Acquired the +2 hat of the Northern Lights {rPois}
  2909 | D:3      | Found a blossoming altar of Fedhas.
  2922 | D:3      | Noticed Natasha
  2932 | D:3      | Killed Natasha
  3003 | D:3      | Noticed Natasha
  3011 | D:3      | Killed Natasha
  3117 | D:4      | Noticed a phantom
  3138 | D:4      | Killed a phantom
  3139 | D:4      | Reached skill level 6 in Axes
  3139 | D:4      | Gained mutation: You have a tail ending in a sharp stinger.
                  | [demonic ancestry]
  3139 | D:4      | Reached XP level 6. HP: 47/47 MP: 7/7
  3152 | D:4      | Noticed Sigmund
  3166 | D:4      | Killed Sigmund
  3167 | D:4      | Reached skill level 7 in Axes
  3175 | D:4      | Noticed Dowan
  3181 | D:4      | Killed Dowan
  3182 | D:4      | Noticed Duvessa
  3350 | D:4      | Found a staircase to the Ecumenical Temple.
  3350 | D:4      | Noticed Ijyb
  3358 | D:4      | HP: 2/47 [poisoned by Ijyb]
  3358 | D:4      | Slain by Ijyb

Illustrated notes

Levels and vault maps discovered:
D:1:      nicolae_arrival_kraken_aquarium_b, layout_basic
D:2:      layout_basic
D:3:      layout_loops_corners, lemuel_doored_altar,
          gammafunk_ghost_gnarly_gnolls, grunt_ministairs_14, uniq_natasha
D:4:      layout_basic, temple_hall, uniq_duvessa, uniq_ijyb, uniq_robin,
          uniq_sigmund

Skill      XL: |  1  2  3  4  5  6 |
---------------+-------------------+-----
Axes           | 3 4 5 6 7 |  7.3
Fighting       | |  3.0
Spellcasting   | |  1.0
Fire Magic     | |  2.6

Action                     |  1- 3 |  4- 6 || total
---------------------------+-------+-------++-------
  Melee: Hand axe          |    98 |   120 ||   218
         Tailslap          |     6 |    14 ||    20
         Punch             |       |     2 ||     2
  Throw: Stone             |     9 |     4 ||    13
   Cast: Scorch            |    11 |       ||    11
 Invoke: Fiery Armour      |     2 |     2 ||     4
    Use: Scroll            |       |    12 ||    12
         Potion            |       |     2 ||     2
 Armour: Robe              |    28 |       ||    28
         Scale mail        |    40 |    15 ||    55
         Chain mail        |       |    49 ||    49
  Dodge: Dodged            |    81 |    37 ||   118
